 Dungeon Crawl Stone Soup version 0.17-a0-1941-gcc30b76 (webtiles) character file.

59 Ordine the Digger (level 4, -1/24 HPs)
             Began as a Gargoyle Earth Elementalist on Sept 30, 2015.
             Killed from afar by an orc wizard (8 damage)
             ... with a puff of flame
             ... on level 3 of the Dungeon.
             The game lasted 00:13:27 (1963 turns).

Ordine the Digger (Gargoyle Earth Elementalist)     Turns: 1963, Time: 00:13:27

Health: -1/24      AC:  6    Str: 11    XL:     4   Next: 3%
Magic:  0/8        EV: 16    Int: 17    God:
Gold:   128        SH:  0    Dex: 10    Spells: 3 memorised, 3 levels left

rFire  . . .     SeeInvis .     k - +3 short sword
rCold  . . .     Clarity  .     b - +1 robe
rNeg   + . .     SustAt   .     (no shield)
rPois  ∞         Gourm    .     (no helmet)
rElec  +         Spirit   .     (no cloak)
rCorr  +         Warding  .     (no gloves)
rMut   .         Stasis   .     (no boots)
MR     .....                    q - amulet of resist corrosion
Stlth  +.........               i - +4 ring of evasion
                                r - ring of loudness (curse)

@: not resistant to hostile enchantments, very unstealthy
A: negative energy resistance 1, electricity resistance, unbreathing,
petrification resistance, rot immunity, AC +3
a: no special abilities


You were on level 3 of the Dungeon.
You were not hungry.

You visited 1 branch of the dungeon, and saw 3 of its levels.

You collected 128 gold pieces.

Inventory:

Hand weapons
 k - a +3 short sword (weapon)
 l - a +0 club
Missiles
 a - 45 stones (quivered)
Armour
 b - a +1 robe (worn)
Jewellery
 g - an uncursed ring of protection from fire
 i - a +4 ring of evasion (right hand)
 j - an uncursed ring of ice
 q - an amulet of resist corrosion (around neck)
 r - a cursed ring of loudness (left hand)
Scrolls
 e - 2 scrolls of teleportation
 m - 2 scrolls of identify
 p - a scroll of enchant armour
Potions
 h - a potion of brilliance
 n - 4 potions of curing
 o - a potion of agility
Books
 c - a book of Geomancy

   Spells                             Type                      Level
   a - Sandblast                      Earth                        1
   b - Stoneskin                      Transmutation/Earth          2
   c - Passwall                       Transmutation/Earth          3
   d - Stone Arrow                    Conjuration/Earth            3
   e - Petrify                        Transmutation/Earth          4
   f - Lee's Rapid Deconstruction     Earth                        5
Comestibles
 d - a bread ration
 f - a meat ration
 s - 7 chunks of flesh


   Skills:
 - Level 1.5 Dodging
 - Level 2.1 Stealth
 * Level 3.3 Spellcasting
 + Level 0.9 Conjurations
 - Level 0.7 Transmutations
 + Level 4.3 Earth Magic


You had 3 spell levels left.
You knew the following spells:

 Your Spells              Type           Power        Failure   Level  Hunger
a - Sandblast             Erth           ###...       2%          1    None
b - Stoneskin             Trmt/Erth      ##......     12%         2    ##.....
c - Stone Arrow           Conj/Erth      ##....       21%         3    ###....


Dungeon Overview and Level Annotations

Branches:
Dungeon (3/15)

Altars:


Innate Abilities, Weirdness & Mutations

You are resistant to torment.
Your stone body is resilient (AC +3).
You are immune to poison.
You resist negative energy.
You are resistant to electric shocks.
You can survive without breathing.
You are immune to petrification.
You are immune to rotting.


Message History

You miss something. Something hits you but does no damage.
You bump into the rock wall.
You hear some strange, mumbled words.
A puff of flame appears from out of thin air!
The puff of flame hits you!
You bump into the rock wall.
You feel less confused. Something hits you but does no damage.
Casting: Sandblast
Confirm with . or Enter, or press ? or * to list all spells.
Aiming: Sandblast
Press: ? - help, Shift-Dir - straight line You hear some strange, mumbled words.
A puff of flame appears from out of thin air!
The puff of flame hits you!
* * * LOW HITPOINT WARNING * * *
You hear some strange, mumbled words.
A puff of flame appears from out of thin air!
The puff of flame hits you!
You die...

### ..# #.#
#.# #.# #.#
#{# #)# #@#
#.#
########.##
..........#
########..#
#..# #..#
#..# #..#


There were no monsters in sight!

Vanquished Creatures
  An adder (D:2)
  A worm (D:2)
  A giant gecko (D:1)
  3 orcs (D:3)
  2 giant cockroaches (D:2)
  3 goblins
  5 hobgoblins
  A quokka (D:2)
  6 bats
  4 giant newts
  8 kobolds
  9 rats
44 creatures vanquished.

Notes
Turn   | Place    | Note
--------------------------------------------------------------
     0 | D:1      | Ordine the Gargoyle Earth Elementalist began the quest for the Orb.
     0 | D:1      | Reached XP level 1. HP: 10/10 MP: 3/3
   406 | D:1      | Reached XP level 2. HP: 15/15 MP: 0/5
   610 | D:1      | Learned a level 2 spell: Stoneskin
  1117 | D:2      | Reached skill level 4 in Earth Magic
  1242 | D:2      | Reached XP level 3. HP: 19/19 MP: 5/7
  1250 | D:2      | Learned a level 3 spell: Stone Arrow
  1935 | D:3      | Reached XP level 4. HP: 24/24 MP: 3/8
  1963 | D:3      | Killed from afar by an orc wizard

Vault maps used:
D:1:      roderic_crossed_star
D:3:      lemuel_crystal_altar, nicolae_ru_path_of_blood, uniq_terence

Action                   |  1- 3 |  4- 6 || total
-------------------------+-------+-------++-------
Melee: Unarmed           |    17 |       ||    17
       Short sword       |     7 |    11 ||    18
 Cast: Sandblast         |    89 |     7 ||    96
  Use: Scroll            |     8 |       ||     8
  Eat: Chunk             |     4 |       ||     4
